 Dungeon Crawl Stone Soup version 0.26-a0-611-g354ed81502 (webtiles) character file.

Game seed: 9244018884401921696

60 ANON1729 the Caller (level 3, -1/16 HPs)
             Began as a Spriggan Summoner on Sept 6, 2020.
             Was a Believer of Sif Muna.
             Slain by an adder (3 damage)
             ... on level 3 of the Dungeon.
             The game lasted 00:06:02 (3072 turns).

ANON1729 the Caller (Spriggan Summoner)             Turns: 3072, Time: 00:06:03

Health: -1/16      AC:  3    Str:  4    XL:     3   Next: 80%
Magic:  3/8        EV: 18    Int: 17    God:    Sif Muna [**....]
Gold:   108        SH:  0    Dex: 16    Spells: 5/8 levels left

rFire    . . .     SeeInvis +   (weapon restricted)
rCold    . . .     Faith    .   (shield restricted)
rNeg     . . .     Spirit   .   a - +0 robe
rPois    .         Reflect  .   (helmet restricted)
rElec    .         Harm     .   m - +0 cloak
rCorr    .                      (gloves unavailable)
MR       .....                  (boots unavailable)
Stlth    ++........             d - amulet of the acrobat
HPRegen  0.05/turn              k - ring of attention (curse)
MPRegen  0.11/turn              (no ring)

@: lethally poisoned (-1 -> -10), very quick
A: very small, unfitting armour, see invisible, speed 3
a: Channel Magic, Renounce Religion


You were on level 3 of the Dungeon.
You worshipped Sif Muna.
Sif Muna was pleased with you.
You visited 1 branch of the dungeon, and saw 3 of its levels.

You collected 108 gold pieces.

Inventory:

Armour
 a - a +0 robe (worn)
 m - a +0 cloak (worn)
Jewellery
 d - an amulet of the acrobat (around neck)
 k - a cursed ring of attention (left hand)
 p - an uncursed ring of resist corrosion {unknown}
Scrolls
 b - 2 scrolls of remove curse {unknown}
 c - 5 scrolls of identify {unknown}
 f - 2 scrolls of enchant armour {unknown}
 j - a scroll of teleportation {unknown}
Potions
 e - a potion of flight {unknown}
 g - a potion of mutation {unknown}
 h - a potion of stabbing {unknown}
 i - a potion of curing {unknown}
 l - a potion of degeneration {unknown}
 n - a potion of lignification {unknown}
 o - a potion of heal wounds {unknown}


   Skills:
 - Level 3.3 Dodging
 - Level 3.4 Stealth
 - Level 3.0 Spellcasting
 + Level 4.2 Summonings


You had 5 spell levels left.
You knew the following spells:

 Your Spells              Type           Power        Failure   Level
a - Summon Small Mammal   Summ           ###.         3%          1
b - Call Imp              Summ           ###.....     4%          2

Your spell library contained the following spells:

 Spells                   Type           Power        Failure   Level
 Call Canine Familiar     Summ           ###.....     9%          3
 Summon Guardian Golem    Hex/Summ       #.......     22%         3
 Summon Ice Beast         Ice/Summ       #.......     58%         4
 Summon Lightning Spire   Summ/Air       #.......     58%         4


Dungeon Overview and Level Annotations

Branches:
Dungeon (3/15)

Altars:
Sif Muna
The Shining One


Innate Abilities, Weirdness & Mutations

You are very small and have problems with some larger weapons.
You are too small for most types of armour.
You have supernaturally acute eyesight. (SInv)
You cover ground extremely quickly.


Message History

Your shadow imp closely misses the adder.
The adder bites your shadow imp. The adder bites your shadow imp.
Your shadow imp dies!
Casting: Call Imp (safe; 4% risk of failure)
Confirm with . or Enter, or press ? or * to list all spells.
A beastly little devil appears in a puff of flame.
The orc misses your crimson imp. The adder closely misses you.
Casting: Call Imp (safe; 4% risk of failure)
Confirm with . or Enter, or press ? or * to list all spells.
The adder barely misses you.
The orc hits your crimson imp with a +0 mace!
Your crimson imp hits the orc but does no damage.
You closely miss the adder. The adder bites you.
* * * LOW HITPOINT WARNING * * *
You are lethally poisoned!
The adder poisons you!
Your bat closely misses the adder.
The orc closely misses your crimson imp.
The adder bites you.
You die...

#.#....##..# #..
...._(.....# #.#
##....#.#.### #.#
##...##.#.# #.##.###.#
####....#.# #...o....#
####.####.# #o#
..........# #5#
##........######S########
#.######.#...##@b......#
#.# #.#.#.##.######.#
#.######...#....######
#.##.....#####.........
#.##.###...#......####[
#.##.###.#.#.#...##
#........#...##....
##.....########.####
#.....# #.#


You could see an adder, 2 orcs, a friendly crimson imp (summoned) and a friendly
bat (summoned).

Vanquished Creatures
  2 orcs (D:3)
  A giant cockroach (D:1)
  2 goblins
  2 hobgoblins
  A kobold (D:2)
  4 bats
  6 rats
18 creatures vanquished.

Vanquished Creatures (collateral kills)
  Natasha (D:2)
  An adder (D:2)
  A dart slug (D:1)
  An orc (D:3)
  2 goblins (D:1)
  4 hobgoblins
  3 jackals (D:2)
  4 kobolds (D:1)
  2 ball pythons
  3 bats (D:2)
  A frilled lizard (D:1)
  4 rats
27 creatures vanquished.

Vanquished Creatures (others)
  A bat (D:1)
1 creature vanquished.

Grand Total: 46 creatures vanquished

Notes
Turn   | Place    | Note
-------+----------+-------------------------------------------
     0 | D:1      | ANON1729 the Spriggan Summoner began the quest for the Orb.
     0 | D:1      | Reached XP level 1. HP: 9/9 MP: 5/5
   395 | D:1      | Reached XP level 2. HP: 2/13 MP: 3/6
   964 | D:1      | Learned a level 2 spell: Call Imp
  1378 | D:2      | Found a faded altar of an unknown god.
  1519 | D:2      | Became a worshipper of Sif Muna the Loreminder
  1519 | D:2      | Reached * piety under Sif Muna
  1680 | D:2      | Reached XP level 3. HP: 8/16 MP: 1/8
  2118 | D:2      | Noticed Natasha
  2137 | D:2      | Killed Natasha
  2137 | D:2      | Reached skill level 4 in Summonings
  2877 | D:3      | Reached ** piety under Sif Muna
  2974 | D:3      | Found a glowing golden altar of the Shining One.
  3072 | D:3      | Slain by an adder

Illustrated notes

Levels and vault maps discovered:
D:1:      onia_arrival_handbag, layout_rooms
D:2:      layout_basic, chequers_ecumenical_altar_simple_redux, serial_glass,
          glass_columns_b, glass_columns_c, uniq_natasha
D:3:      layout_loops_corners, minitemple, nicolae_overflow_crystal_walls,
          cheibrodos_sewer_entry_bend

Skill      XL: |  1  2  3 |
---------------+----------+-----
Spellcasting   | 3 |  3.0
Summonings     | 4 |  4.2
Dodging        | |  3.3
Stealth        | |  3.4

Action                   || total
-------------------------++-------
Melee: Unarmed           ||   257
 Cast: Summon Small Mamm ||    31
       Call Imp          ||    18
 Stab: Sleeping          ||     6
Armor: Robe              ||    45
Dodge: Dodged            ||   368

Table legend: (Time is in decaauts)
 A = Elapsed time spent in this place.
 B = Non-inter-level travel time spent in this place.
 C = Inter-level travel time spent in this place.
 D = Time resting spent in this place.
 E = Time spent auto-exploring this place.
 F = Levels seen in this place.
 G = Mean time per level.
                   A        B        C        D        E       F      G
               +--------+--------+--------+--------+--------+-----+--------+
         Total |   2616 |   2584 |     32 |   1446 |    517 |   3 |  872.0 |
       Dungeon |   2616 |   2584 |     32 |   1446 |    517 |   3 |  872.0 |
               +--------+--------+--------+--------+--------+-----+--------+

Top non-repeatable levels by time:
     D:1: 1209 daAuts
     D:2: 1189 daAuts
     D:3: 218 daAuts
